 Dungeon Crawl Stone Soup version 0.22-a0-525-gf69a080 (webtiles) character file.

6068 Mgcat the Cleaver (level 10, -2/81 HPs)
             Began as a Hill Orc Monk on June 20, 2018.
             Was a High Priest of Okawaru.
             Slain by an orc warrior
             ... wielding a +0 hand axe
             ... summoned by an orange crystal statue
              (14 damage)
             ... on level 8 of the Dungeon.
             The game lasted 00:23:20 (8188 turns).

Mgcat the Cleaver (Hill Orc Monk)                   Turns: 8188, Time: 00:23:21

Health: -2/81      AC: 12    Str: 18      XL:     10   Next: 87%
Magic:  0/15       EV: 14    Int:  4 (10) God:    Okawaru [*****.]
Gold:   382        SH:  0    Dex: 13      Spells: 9/9 levels left

rFire    . . .     SeeInvis +   o - +0 war axe
rCold    . . .     Gourm    .   (no shield)
rNeg     . . .     Faith    .   b - +0 ring mail
rPois    +         Spirit   .   g - +2 helmet
rElec    .         Reflect  .   (no cloak)
rCorr    .         Harm     .   (no gloves)
MR       .....                  k - +2 pair of boots
Stlth    +.........             (no amulet)
HPRegen  0.23/turn              l - ring of see invisible {sInv, !d}
MPRegen  0.14/turn              f - ring of poison resistance {rPois, !d}

@: no status effects
A: no striking features
a: Heroism, Finesse, Renounce Religion


You were on level 8 of the Dungeon.
You worshipped Okawaru.
Okawaru was extremely pleased with you.
You were not hungry.

You visited 2 branches of the dungeon, and saw 9 of its levels.

You collected 382 gold pieces.

Inventory:

Hand Weapons
 o - a +0 war axe (weapon)
   (You took it off an orc on level 3 of the Dungeon)
Missiles
 a - 2 tomahawks of dispersal {=f}
 m - 5 curare-tipped needles
 n - a throwing net {=f, !d}
 r - 4 tomahawks of returning (quivered)
Armour
 b - a +0 ring mail (worn)
   (You took it off an orc on level 3 of the Dungeon)
 g - a +2 helmet (worn)
   (You found it on level 3 of the Dungeon)
 k - a +2 pair of boots (worn)
   (You found it on level 3 of the Dungeon)
 x - a +0 buckler
   (You found it on level 6 of the Dungeon)
Jewellery
 f - a ring of poison resistance (right hand) {rPois, !d}
   (You found it on level 2 of the Dungeon)
 l - a ring of see invisible (left hand) {sInv, !d}
   (You found it on level 3 of the Dungeon)
 u - an uncursed ring of stealth {Stlth+}
   (You took it off an orc on level 6 of the Dungeon)
 y - an uncursed ring of protection from magic {MR+, !d}
   (You found it on level 7 of the Dungeon)
Wands
 i - a wand of flame (20)
   (You found it on level 8 of the Dungeon)
 s - a wand of digging (15)
   (You found it on level 6 of the Dungeon)
Scrolls
 d - 2 scrolls of teleportation
 h - 4 scrolls of remove curse
 j - a scroll of blinking {!r}
 p - a scroll of magic mapping {!r}
Potions
 e - a potion of brilliance
 v - 2 potions of flight {unknown}
Comestibles
 c - 20 rations


   Skills:
 - Level 5.1 Fighting
 - Level 14.0 Axes
 - Level 5.2 Armour
 - Level 6.4 Dodging
 - Level 1.5 Stealth
 - Level 4.5 Shields
 + Level 7.7 Invocations


You had 9 spell levels left.
You didn't know any spells.
Your spell library contained the following spells:

 Spells                   Type           Power        Failure   Level  Hunger
 Confuse                  Hex            #.......     96%         3    ####...
 Tukima's Dance           Hex            #.......     96%         3    ####...
 Ensorcelled Hibernation  Hex/Ice        #.....       82%         2    ###....
 Corona                   Hex            #......      67%         1    ##.....
 Dazzling Spray           Conj/Hex       #.....       96%         3    ####...


Dungeon Overview and Level Annotations

Branches:
Dungeon (8/15)             Temple (1/1) D:5            Lair (0/6) D:8

Altars:
Fedhas
Hepliaklqana
Kikubaaqudgha
Nemelex Xobeh
Okawaru
Ru
Trog
Uskayaw
Xom
Yredelemnul

Annotations:
D:2 Natasha
D:8 1 runed door, exclusion: 3 orange crystal statues


Message History

The orange crystal statue glitters.
The orc priest completely misses you. The worker ant closely misses you.
The orc misses you.
You hit the orc but do no damage. You hit the orc warrior.
You hit the orc priest. You barely miss the worker ant.
The worker ant bites you but does no damage.
The orc warrior hits you but does no damage.
The orange crystal statue fixes its piercing gaze on you.
Something tries to feed on your intellect!
The orange crystal statue fixes its piercing gaze on you.
Something tries to feed on your intellect!
You're too confused to move!
The orc priest completely misses you. The worker ant completely misses you.
The orc completely misses you.
The orange crystal statue fixes its piercing gaze on you.
The orc warrior hits you with a hand axe.
You barely miss the orc.
You hit the orc warrior but do no damage.
You miss the orc priest.
You hit the worker ant but do no damage.
You closely miss the orc warrior.
The orc warrior is moderately wounded.
You hit the orc priest. You hit the worker ant. You miss the orc.
The orc priest miscasts a cantrip.
The worker ant barely misses you.
You hit the orc but do no damage. Your punch misses the orc.
You hit the orc warrior but do no damage.
You hit the orc priest. You closely miss the worker ant. The orc misses you.
You slash the orc!
You kill the orc!
The orc's corpse dissolves into shadows!
You hit the orc warrior.
You hit the orc priest but do no damage.
You closely miss the worker ant. The orc warrior closely misses you.
You closely miss the black bear.
You hit the orc warrior but do no damage.
You closely miss the orc priest.
Your ring mail prevents you from hitting the worker ant.
Your hands slow down.
The worker ant closely misses you.
The orc priest calls down the wrath of Beogh upon you.
Beogh smites you!
You're too confused!
Unknown command.
You bump into the stone wall.
You feel like a meek peon again.
The crimson imp blinks!
The worker ant barely misses you.
The orc warrior hits you with a hand axe!
* * * LOW HITPOINT WARNING * * *
The orc priest misses you. The black bear misses you.
The black bear closely misses you. The black bear claws you.
* * * LOW HITPOINT WARNING * * *
You're too confused!
You're too confused!
You closely miss the worker ant.
The worker ant is lightly wounded.
You hit the black bear. You miss the orc warrior.
You hit the orc priest but do no damage.
The orange crystal statue glitters.
You easily resist.
The worker ant bites you but does no damage.
The orc warrior hits you with a hand axe!
* * * LOW HITPOINT WARNING * * *
The black bear misses you. The black bear barely misses you.
The black bear claws you but does no damage.
Unknown command.
Unknown command.
You closely miss the black bear.
The black bear is lightly wounded.
You hit the orc warrior but do no damage.
You hit the orc priest.
You kill the orc priest!
The orc priest's corpse dissolves into shadows!
You barely miss the worker ant. The worker ant closely misses you.
The orange crystal statue glitters.
You are more confused.
The orange crystal statue glitters topaz in the dim dungeon light.
The orange crystal statue fixes its piercing gaze on you.
You feel your power leaking away.
You're too confused!
You're too confused!
You slash the orc warrior!
The orc warrior is almost dead.
You miss the black bear. You closely miss the worker ant.
The black bear bites you but does no damage.
The black bear claws you.
* * * LOW HITPOINT WARNING * * *
The black bear claws you.
* * * LOW HITPOINT WARNING * * *
The orc warrior hits you but does no damage.
The worker ant closely misses you.
The orange crystal statue glitters.
Unknown command.
Unknown command.
You feel better.
The killer bee buzzes angrily. x3
The orc hits you but does no damage. The black bear misses you.
The black bear claws you but does no damage.
The black bear misses you.
The orc warrior hits you with a hand axe!
You die...

............................##
...........................<.#
.............................#
................##.###..####.#
................#.......# #.##
................#.......## #..#
.......'.................# ##.#
..........####s####.#+##.####.##
..........#8..oh@o#.........#..#
≈≈........#.#.ra#o#.........##.##
≈≈≈≈......#......n#.........##..#
≈≈≈≈≈.....#...[y..#.........###.#
≈≈........#...y...#..####.+## #.#
≈≈≈≈......#.#...#y#........# #..
..........#8....y8#..#####.# ##.
≈≈≈≈≈.....####+####..#####.# #.
≈≈≈≈≈...#..†.........##....# #.


You could see 3 orange crystal statues, an orc warrior, a black bear, a
necrophage, a worker ant, 3 killer bees, 2 orcs, a quokka and a giant cockroach.

Vanquished Creatures
  Erica (D:8)
  A two-headed ogre (D:8)
  An unseen horror (D:7)
  An orange crystal statue (D:8)
  Pikel (D:7)
  A troll (D:8)
  Edmund (D:5)
  An orc warrior (D:6)
  An ice beast (D:8)
  A slave (D:7)
  2 sky beasts
  A phantom (D:6)
  5 wolves (D:8)
  2 ogres
  5 centaurs
  5 scorpions
  6 killer bees (D:8)
  2 howler monkeys
  2 electric eels (D:8)
  2 crimson imps
  2 bullfrog zombies
  2 hounds (D:8)
  A centaur skeleton (D:6)
  2 jellies
  3 orc priests
  2 bullfrog skeletons
  Natasha (D:2)
  5 orc wizards
  6 worker ants
  A hound zombie (D:5)
  A hound skeleton (D:8)
  2 worker ant zombies
  6 gnolls
  5 adders
  2 oozes
  An adder skeleton (D:6)
  6 worms
  2 leopard geckos (D:6)
  13 orcs
  A giant cockroach (D:3)
  4 goblins (D:1)
  9 hobgoblins
  16 jackals
  2 kobolds (D:3)
  4 quokkas
  9 bats
  6 frilled lizards
  A giant cockroach zombie (D:5)
  A leopard gecko skeleton (D:7)
  A leopard gecko zombie (D:7)
  6 rats
165 creatures vanquished.

Vanquished Creatures (others)
  A slave (D:7)
  An orc (D:4)
2 creatures vanquished.

Grand Total: 167 creatures vanquished

Notes
Turn   | Place    | Note
-------+----------+-------------------------------------------
     0 | D:1      | Mgcat the Hill Orc Monk began the quest for the Orb.
     0 | D:1      | Reached XP level 1. HP: 19/19 MP: 1/1
    88 | D:1      | Reached XP level 2. HP: 18/26 MP: 2/2
   259 | D:1      | Reached skill level 5 in Axes
   470 | D:1      | HP: 6/26 [hobgoblin/club (3)]
   803 | D:1      | Reached XP level 3. HP: 31/31 MP: 3/3
  1309 | D:2      | Noticed Natasha
  1324 | D:2      | HP: 6/31 [Natasha/magic dart (7)]
  1327 | D:2      | Killed Natasha
  1327 | D:2      | Reached skill level 6 in Axes
  1327 | D:2      | Reached XP level 4. HP: 6/39 MP: 4/4
  1733 | D:2      | Found a sparkling altar of Nemelex Xobeh.
  1923 | D:2      | Noticed Natasha
  2333 | D:2      | Found a bloodstained altar of Trog.
  2500 | D:3      | Reached skill level 7 in Axes
  2813 | D:3      | Reached XP level 5. HP: 26/45 MP: 5/5
  2983 | D:3      | Reached skill level 8 in Axes
  3735 | D:4      | HP: 3/45 [orc priest/divine providence (13)]
  3763 | D:4      | Reached XP level 6. HP: 29/51 MP: 6/6
  3782 | D:4      | Reached skill level 9 in Axes
  3856 | D:5      | Entered Level 5 of the Dungeon
  3919 | D:5      | Got a steaming whip
  3922 | D:5      | Identified the +5 whip "Eliax" {slash, rC+} (You found it on level 5 of the Dungeon)
  3951 | D:5      | Noticed Edmund
  3988 | D:5      | Killed Edmund
  3988 | D:5      | Reached skill level 10 in Axes
  3988 | D:5      | Reached XP level 7. HP: 21/57 MP: 7/7
  4187 | D:5      | Found a staircase to the Ecumenical Temple.
  4349 | D:5      | Reached skill level 11 in Axes
  4393 | D:5      | Found an ancient bone altar of Kikubaaqudgha.
  4550 | Temple   | Entered the Ecumenical Temple
  4567 | Temple   | Became a worshipper of Warmaster Okawaru
  4567 | Temple   | Reached * piety under Okawaru
  4567 | Temple   | Reached ** piety under Okawaru
  4868 | D:6      | Reached XP level 8. HP: 63/64 MP: 8/8
  4993 | D:6      | Reached skill level 12 in Axes
  5050 | D:6      | Reached skill level 13 in Axes
  5157 | D:6      | Reached *** piety under Okawaru
  5254 | D:6      | Reached skill level 14 in Axes
  5448 | D:6      | Reached skill level 4 in Fighting
  5583 | D:6      | Reached XP level 9. HP: 59/72 MP: 9/9
  5691 | D:7      | Reached skill level 5 in Fighting
  5693 | D:7      | Noticed an unseen horror
  6003 | D:7      | Reached skill level 1 in Armour
  6007 | D:7      | Reached skill level 2 in Armour
  6034 | D:7      | Noticed Pikel
  6065 | D:7      | Killed an unseen horror
  6065 | D:7      | Reached **** piety under Okawaru
  6065 | D:7      | Reached skill level 5 in Armour
  6081 | D:7      | Killed Pikel
  6081 | D:7      | Reached skill level 4 in Dodging
  6498 | D:8      | Noticed Erica
  6523 | D:8      | HP: 13/74 [Erica/scimitar of flaming (11)]
  6528 | D:8      | Killed Erica
  6528 | D:8      | Reached skill level 6 in Dodging
  6528 | D:8      | Reached XP level 10. HP: 18/81 MP: 6/10
  6531 | D:8      | Got a brightly glowing spear
  6532 | D:8      | Identified the +1 spear "Cyacaufu" {freeze, Dex+4} (You found it on level 8 of the Dungeon)
  6748 | D:8      | Noticed an orange crystal statue
  6750 | D:8      | Found a runed door.
  6794 | D:8      | Reached skill level 1 in Shields
  6804 | D:8      | Reached skill level 2 in Shields
  6877 | D:8      | Reached skill level 3 in Shields
  6958 | D:8      | Reached ***** piety under Okawaru
  7047 | D:8      | Reached skill level 4 in Shields
  7228 | D:8      | Reached skill level 1 in Invocations
  7229 | D:8      | Found a staircase to the Lair.
  7397 | D:8      | Found a runed door.
  7546 | D:8      | Noticed a two-headed ogre
  7561 | D:8      | Killed a two-headed ogre
  7561 | D:8      | Reached skill level 5 in Invocations
  7850 | D:8      | Reached skill level 6 in Invocations
  7884 | D:8      | Found a blossoming altar of Fedhas.
  8063 | D:8      | Found the +10 large shield of Ignorance {rN+ Int-4}
  8134 | D:8      | Noticed an orange crystal statue
  8134 | D:8      | Noticed an orange crystal statue
  8134 | D:8      | Noticed an orange crystal statue
  8172 | D:8      | Killed an orange crystal statue
  8172 | D:8      | Reached skill level 7 in Invocations
  8184 | D:8      | HP: 16/81 [orc warrior/hand axe[an orange crystal statue] (9)]
  8185 | D:8      | HP: 7/81 [orc warrior/hand axe[an orange crystal statue] (8)]
  8187 | D:8      | HP: 3/81 [black bear[an orange crystal statue] (1)]
  8188 | D:8      | Slain by an orc warrior

Vault maps used:
D:1:      dpeg_arrival_simpleton_a
D:2:      nemelex_xobeh_ov_fountains_minmay, trog_book, uniq_natasha
D:5:      minmay_temple_entry_glass, first_ration, basic_altar,
          hangedman_decor_push, uniq_edmund
D:7:      minmay_misc_feat_pillars, uniq_pikel
D:8:      nicolae_overflow_crystal_walls, erik_lair_island, grunt_ogre_cave,
          hangedman_decor_lopped, chequers_guarded_unrand_ignorance, uniq_erica
Temple:   regret_index_temple_chain_breaker

Skill      XL: |  1  2  3  4  5  6  7  8  9 10 |
---------------+-------------------------------+-----
Axes           | 5 6 7 8 10 11 14 | 14.0
Fighting       | 4 5 |  5.1
Armour         | 5 |  5.2
Dodging        | 6 |  6.4
Shields        | 4 |  4.5
Invocations    | 7 |  7.7
Stealth        | |  1.5

Action                   |  1- 3 |  4- 6 |  7- 9 | 10-12 || total
-------------------------+-------+-------+-------+-------++-------
Melee: Hand axe          |   129 |   202 |   320 |       ||   651
       Whip              |       |    23 |    11 |       ||    34
       War axe           |       |       |       |   146 ||   146
       Punch             |       |       |       |     3 ||     3
Throw: Tomahawk          |       |    15 |     4 |     9 ||    28
Invok: Heroism           |       |       |     2 |     5 ||     7
       Finesse           |       |       |       |     2 ||     2
  Use: Potion            |     1 |     2 |     5 |     1 ||     9
       Scroll            |       |     8 |     6 |       ||    14
 Stab: Sleeping          |     5 |     2 |       |       ||     7
       Distracted        |       |       |       |     1 ||     1
  Eat: Chunk             |     1 |     7 |     7 |     3 ||    18
       Ration            |       |     1 |       |     1 ||     2
Armor: Leather armour    |    22 |    24 |       |       ||    46
       Ring mail         |       |    40 |   107 |    54 ||   201
Dodge: Dodged            |    79 |   104 |   155 |   142 ||   480

Table legend:
 A = Spawn XP
 B = Non-spawn XP
 C = Spawn XP percentage of total XP
 D = Spawn monster count
 E = Non-spawn monster count
 F = Spawn count percentage of total count
 G = Total turns spent on level
                    A         B        C        D         E        F      G
               +---------+---------+-------+---------+---------+-------+---------
         Total |       0 |    8669 |   0.0 |       0 |     165 |   0.0 |  8188
               +---------+---------+-------+---------+---------+-------+---------
           D:1 |       0 |      48 |   0.0 |       0 |      26 |   0.0 |  1179
           D:2 |       0 |      84 |   0.0 |       0 |      14 |   0.0 |  1251
           D:3 |       0 |     130 |   0.0 |       0 |      18 |   0.0 |  1285
           D:4 |       0 |     172 |   0.0 |       0 |      12 |   0.0 |   170
           D:5 |       0 |     646 |   0.0 |       0 |      21 |   0.0 |   929
           D:6 |       0 |    1315 |   0.0 |       0 |      34 |   0.0 |  1091
           D:7 |       0 |    1950 |   0.0 |       0 |      16 |   0.0 |   557
           D:8 |       0 |    4324 |   0.0 |       0 |      24 |   0.0 |  1690
               +---------+---------+-------+---------+---------+-------+---------

Vault maps used:
D:1:      dpeg_arrival_simpleton_a
D:2:      nemelex_xobeh_ov_fountains_minmay, trog_book, uniq_natasha
D:5:      minmay_temple_entry_glass, first_ration, basic_altar,
          hangedman_decor_push, uniq_edmund
D:7:      minmay_misc_feat_pillars, uniq_pikel
D:8:      nicolae_overflow_crystal_walls, erik_lair_island, grunt_ogre_cave,
          hangedman_decor_lopped, chequers_guarded_unrand_ignorance, uniq_erica
Temple:   regret_index_temple_chain_breaker

Table legend:
 A = Turns spent in this place as a percentage of turns spent in the entire game.
 B = Non-inter-level travel turns spent in this place as a percentage of non-inter-level travel turns spent in the entire game.
 C = Inter-level travel turns spent in this place as a percentage of turns spent in this place.
 D = Turns resting spent in this place as a percentage of non-inter-level travel turns spent in this place.
 E = Turns spent auto-exploring this place as a percentage of non-inter-level travel turns spent in this place.
 F = Non-inter-level travel turns spent in this place divided by the number of levels of this place that you've seen.
                   A       B       C       D       E      F
               +-------+-------+-------+-------+-------+----------------------
         Total | 100.0 | 100.0 |   4.0 |  14.8 |  63.0 | 873.4
       Dungeon |  99.6 |  99.8 |   3.8 |  14.9 |  63.0 | 980.2
        Temple |   0.4 |   0.2 |  47.2 |   0.0 |  52.6 |  19.0
               +-------+-------+-------+-------+-------+----------------------

Table legend:
 A = Kills in this place as a percentage of kills in entire the game.
 B = Kills by you in this place as a percentage of kills by you in the entire game.
 C = Kills by friends in this place as a percentage of kills by friends in the entire game.
 D = Other kills in this place as a percentage of other kills in the entire game.
 E = Experience gained in this place as a percentage of experience gained in the entire game.
 F = Experience gained in this place divided by the number of levels of this place that you have seen.
                   A       B       C       D       E      F
               +-------+-------+-------+-------+-------+----------------------
         Total | 100.0 | 100.0 |   N/A | 100.0 | 100.0 | 963.2
       Dungeon | 100.0 | 100.0 |   N/A | 100.0 | 100.0 | 1083.6
               +-------+-------+-------+-------+-------+----------------------
